 Dungeon Crawl Stone Soup version 0.30.0-10-gfe55d96785 (webtiles) character file.

Game seed: 7260942721944037354

362 cheesebisquit the Sneak (level 6, -3/76 HPs)
             Began as a Draconian Fire Elementalist on May 13, 2023.
             Constricted to death by Pikel (4 damage)
             ... on level 3 of the Dungeon.
             The game lasted 00:11:40 (3096 turns).

cheesebisquit the Sneak (DrFE)                      Turns: 3096, Time: 00:11:41

Health: -3/76      AC:  6    Str: 10    XL:     6   Next: 39%
Magic:  11/11      EV: 10    Int: 17    God:
Gold:   121        SH:  0    Dex: 12    Spells: 11/12 levels left

rFire   . . .        k - +0 spear
rCold   . . .        (no shield)
rNeg    . . .        (body armour unavailable)
rPois   .            (helmet restricted)
rElec   .            (no cloak)
rCorr   .            (no gloves)
SInv    .            (no boots)
Will    .....        c - amulet of magic regeneration Stlth
                     (no ring)
HPRegen 0.32/turn    (no ring)
MPRegen 0.52/turn

%: no passive effects
@: brilliant, berserking, grasped by roots, constricted, studying Earth Magic,
very quick
A: AC +6, unfitting armour, cold-blooded
a: no special abilities


You were on level 3 of the Dungeon.
You visited 1 branch of the dungeon, and saw 4 of its levels.

You collected 121 gold pieces.

Inventory:

Hand Weapons
 k - a +0 spear (weapon)
 l - a +1 sling of flaming
 p - the +4 hand axe "Salisim" {antimagic, Int+4}
   (You found it on level 3 of the Dungeon)

   Int:       It affects your intelligence (+4).
Jewellery
 c - an amulet of magic regeneration (around neck)
Wands
 q - a wand of flame (11)
Scrolls
 d - 2 scrolls of identify {unknown}
 f - a scroll of magic mapping {unknown}
 g - 3 scrolls of teleportation {unknown}
 i - 2 scrolls of noise {unknown}
 n - a scroll of amnesia {unknown}
 o - a scroll of enchant weapon {unknown}
Potions
 a - 2 potions of magic
 b - a potion of brilliance
 e - a potion of berserk rage
 h - 2 potions of might {unknown}
 j - a potion of heal wounds {unknown}
 m - 2 potions of degeneration {unknown}
 r - a potion of attraction {unknown}
 s - a potion of haste {unknown}


   Skills:
 + Level 3.3 Fighting
 + Level 3.4 Dodging
 + Level 3.6 Stealth
 + Level 3.5 Spellcasting
 - Level 1.0 Conjurations
 - Level 3.0 Fire Magic


You had 11 spell levels left.
You knew the following spells:

 Your Spells              Type           Power      Damage    Failure   Level
a - Foxfire               Conj/Fire      56%        2x1d6     8%          1

Your spell library contained the following spells:

 Spells                   Type           Power      Damage    Failure   Level
 Scorch                   Fire           38%        2d7       8%          2
 Static Discharge         Conj/Air       14%        2-3/arc   21%         2
 Inner Flame              Hex/Fire       12%        N/A       26%         3
 Volatile Blastmotes      Fire/Tloc      24%        2d12      26%         3
 Stone Arrow              Conj/Erth      14%        3d7       38%         3
 Flame Wave               Conj/Fire      14%        2d6       58%         4
 Airstrike                Air            2%         2d(1-17)  86%         4
 Anguish                  Hex/Necr       2%         N/A       86%         4
 Cause Fear               Hex            2%         N/A       86%         4
 Petrify                  Tmut/Erth      4%         N/A       86%         4
 Summon Lightning Spire   Summ/Air       4%         N/A       86%         4
 Metabolic Englaciation   Hex/Ice        2%         N/A       99%         5
 Statue Form              Tmut/Erth      2%         N/A       100%        6
 Enfeeble                 Hex            2%         N/A       100%        7
 Lehudib's Crystal Spear  Conj/Erth      3%         10d3      100%        8
 Animate Armour           Summ/Erth      Unusable   N/A       N/A         4

Dungeon Overview and Level Annotations

Branches:
Dungeon (4/15)
 Temple: D:4-7

Altars:
Zin

Shops:
D:1 =

Annotations:
D:3 Pikel
D:4 Grinder


Innate Abilities, Weirdness & Mutations

Your plain brown scales are hard. (AC +6)
You cannot fit into any form of body armour.
You are cold-blooded and may be slowed by cold attacks.


Message History

Pikel is unaffected.
The grasping roots constrict you.
You conjure some foxfire!
Pikel hits you but does no damage. The grasping roots constrict you!
You hit Pikel.
Pikel is heavily wounded.
The foxfire hits Pikel but does no damage.
Pikel is heavily wounded.
The foxfire hits Pikel.
Pikel is heavily wounded.
Pikel closely misses you. The grasping roots constrict you.
You conjure some foxfire!
Pikel hits you but does no damage. The grasping roots constrict you!
You barely miss Pikel. You tail-slap Pikel, but do no damage.
Pikel is heavily wounded.
The foxfire hits Pikel.
Pikel is heavily wounded.
The foxfire hits Pikel but does no damage.
Pikel is heavily wounded.
Pikel barely misses you. The grasping roots constrict you.
The grasping roots release their grip on you.
It was a potion of brilliance.
You feel clever all of a sudden.
Pikel hits you with a +1 whip of electrocution!
* * * LOW HITPOINT WARNING * * *
It was a potion of berserk rage.
A red film seems to cover your vision as you go berserk!
You feel yourself moving faster!
You feel mighty!
Pikel says, "You'll feel the lick of my whip!"
Pikel zaps a wand.
The roots erupt in riotous growth!
The grasping roots grab you!
Pikel is unaffected.
The grasping roots constrict you!
* * * LOW HITPOINT WARNING * * *
You closely miss Pikel.
Pikel is heavily wounded.
Pikel misses you. The grasping roots constrict you!
* * * LOW HITPOINT WARNING * * *
You barely miss Pikel.
Pikel is heavily wounded.
Pikel hits you but does no damage. The grasping roots constrict you.
You die...

##### ### ###### #...########.##
.....# ######.#...........##
####.# #........######.....#
####.########.#####.######.......
.........(....#####..............
###.#....##....K@...######.......
# ##.###.##.####...## ##.....# #
#####.##.# #...# #.......
#######>..#.####...#######.#.....
....##......#..............#.....
♣..♣..................######....[
.............)........# #.....
..............##...#### #.#...
8..∩..∩..8..♣..#...# #.##.#


You could see Pikel.

Vanquished Creatures
  A lemure (D:3)
  A scorpion (D:4)
  An orc priest (D:3)
  Jessica (D:3)
  An orc wizard (D:3)
  Natasha (thrice) (D:3)
  6 adders
  4 dart slugs
  4 orcs (D:3)
  3 endoplasms
  5 giant cockroaches
  14 goblins
  3 hobgoblins
  5 quokkas
  7 ball pythons
  3 bats
  3 frilled lizards
  9 kobolds
  8 rats
82 creatures vanquished.

Vanquished Creatures (others)
  An adder (D:2)
  272 foxfires
273 creatures vanquished.

Grand Total: 355 creatures vanquished

Notes
Turn   | Place    | Note
-------+----------+-------------------------------------------
     0 | D:1      | cheesebisquit the Draconian Fire Elementalist began the
                  | quest for the Orb.
     0 | D:1      | Reached XP level 1. HP: 14/14 MP: 3/3
   247 | D:1      | Reached XP level 2. HP: 22/22 MP: 3/5
   291 | D:1      | Found Irereux's Jewellery Shop.
   370 | D:1      | Reached skill level 1 in Fighting
  1070 | D:2      | Reached XP level 3. HP: 28/28 MP: 4/6
  1201 | D:2      | Found a glowing silver altar of Zin.
  1543 | D:2      | Reached XP level 4. HP: 36/36 MP: 7/7
  1838 | D:3      | Found a faded altar of an unknown god.
  1904 | D:3      | Noticed Jessica
  1922 | D:3      | Killed Jessica
  2000 | D:3      | Reached XP level 5. HP: 42/42 MP: 9/9
  2014 | D:3      | Identified the +4 hand axe "Salisim" {antimagic, Int+4}
  2081 | D:3      | Noticed Natasha
  2092 | D:3      | Killed Natasha
  2203 | D:3      | Noticed Natasha
  2211 | D:3      | Killed Natasha
  2330 | D:3      | Noticed Natasha
  2340 | D:3      | Killed Natasha
  2498 | D:3      | Reached XP level 6. HP: 36/51 MP: 6/11
  2829 | D:4      | Noticed Grinder
  2830 | D:4      | Noticed Pikel
  3074 | D:4      | Paralysed by Grinder for 4 turns
  3095 | D:3      | HP: 1/76 [constriction (7)]
  3096 | D:3      | Constricted to death by Pikel

Illustrated notes

Levels and vault maps discovered:
D:1:      zelgadis_glass_arrival_small, layout_basic, serial_shops,
          nicolae_shop_gaudy_bauble
D:2:      layout_loops_ring, basic_altar
D:3:      layout_loops_ring, hellmonk_ecumenical_altar_arch_garden,
          uniq_natasha, uniq_jessica
D:4:      layout_cave_pods, minmay_temple_entry_junction,
          minmay_misc_feat_nine_boxes, uniq_ijyb, uniq_grinder,
          uniq_blork_the_orc, uniq_pikel

Skill      XL: |  1  2  3  4  5 |
---------------+----------------+-----
Stealth        | 2 3 |  3.6
Dodging        | 2 3 |  3.4
Fighting       | 1 2 3 |  3.3
Spellcasting   | 3 |  3.5
Conjurations   | |  1.0
Fire Magic     | |  3.0

Action                     |  1- 3 |  4- 6 || total
---------------------------+-------+-------++-------
  Melee: Unarmed           |     9 |       ||     9
         Spear             |    16 |    69 ||    85
         Tailslap          |     2 |    12 ||    14
         Punch             |       |     1 ||     1
   Cast: Foxfire           |    66 |    89 ||   155
    Use: Potion            |       |     2 ||     2
   Stab: Sleeping          |       |     2 ||     2
 Armour: Skin              |    15 |    31 ||    46
  Dodge: Dodged            |    31 |    68 ||    99
